 Dungeon Crawl Stone Soup version 0.20.1-1-g8b1a95d (webtiles) character file.

4613 myopia the Thaumaturge (level 10, -5/50 HPs)
             Began as a Deep Elf Conjurer on Jan 2, 2018.
             Was a Believer of Vehumet.
             Shot with a sling bullet by Joseph (6 damage)
             ... on level 8 of the Dungeon.
             The game lasted 00:57:55 (7333 turns).

myopia the Thaumaturge (Deep Elf Conjurer)          Turns: 7333, Time: 00:57:56

Health: -5/50      AC:  5    Str:  5      XL:     10   Next: 19%
Magic:  20/28      EV: 14    Int: 24      God:    Vehumet [**....]
Gold:   366        SH:  3    Dex: 12 (17) Spells: 27/34 levels left

rFire    . . .     SeeInvis +   d - +1 dagger (drain)
rCold    . . .     Gourm    .   (no shield)
rNeg     . . .     Faith    .   a - +0 robe
rPois    .         Spirit   .   F - +0 hat
rElec    .         Reflect  +   (no cloak)
rCorr    .         Harm     .   (no gloves)
MR       +....                  n - +2 pair of boots
Stlth    ++........             A - +3 amulet of reflection
Regen    0.2/turn               t - ring of see invisible
MPRegen  0.3/turn               x - +2 ring of dexterity

@: no status effects
A: no striking features
a: Renounce Religion


You were on level 8 of the Dungeon.
You worshipped Vehumet.
Vehumet was pleased with you.
You were not hungry.

You visited 2 branches of the dungeon, and saw 9 of its levels.

You collected 366 gold pieces.

Inventory:

Hand Weapons
 d - a +1 dagger of draining (weapon)
 B - a +0 whip of electrocution
 C - a +2 spear
Missiles
 k - 21 bolts
 q - 16 poisoned needles
 v - 80 arrows
Armour
 a - a +0 robe (worn)
 n - a +2 pair of boots (worn)
 F - a +0 hat (worn)
Jewellery
 t - a ring of see invisible (left hand)
 x - a +2 ring of dexterity (right hand)
 A - a +3 amulet of reflection (around neck)
Wands
 s - a wand of digging (12/24)
 u - a wand of paralysis (6/24)
 y - a wand of paralysis (14/24)
 z - a wand of polymorph (12/24)
Scrolls
 e - 3 scrolls of recharging
 h - 2 scrolls of identify
 j - 3 scrolls of teleportation
 l - a scroll of magic mapping
 w - a scroll of remove curse
 D - a scroll of holy word
Potions
 f - 2 potions of might
 m - 5 potions of curing
 o - 2 potions of haste
 p - a potion of flight {unknown}
 E - 2 potions of lignification
Books
 b - a book of Conjurations

   Spells                             Type                      Level
   a - Magic Dart                     Conjuration                  1
   b - Searing Ray                    Conjuration                  2
   c - Dazzling Spray                 Conjuration/Hexes            3
   d - Fulminant Prism                Conjuration/Hexes            4
   e - Force Lance                    Conjuration/Translocation    4
   f - Iskenderun's Mystic Blast      Conjuration                  4
Comestibles
 c - 5 bread rations
 g - 4 fruits
 i - 2 royal jellies
 r - 3 meat rations


   Skills:
 - Level 5.0 Dodging
 - Level 2.4 Stealth
 + Level 12.9 Spellcasting
 - Level 12.0 Conjurations


You had 27 spell levels left.
You knew the following spells:

 Your Spells              Type           Power        Failure   Level  Hunger
a - Magic Dart            Conj           ####         1%          1    None
b - Searing Ray           Conj           ######       1%          2    None
c - Iskenderun's Mystic   Conj           ######..     1%          4    None


Dungeon Overview and Level Annotations

Branches:
Dungeon (8/15)             Temple (1/1) D:5
   Lair: D:8-11

Altars:
Ashenzari
Cheibriados
Dithmenos
Elyvilon
Fedhas
Hepliaklqana
Makhleb
Nemelex Xobeh
Okawaru
Sif Muna
Trog
Vehumet
Yredelemnul
Zin

Annotations:
D:3 1 runed door
D:8 Joseph


Message History

You destroy the hound zombie!
Vehumet accepts your kill.
You feel your power returning.
The orb of energy explodes!
A sky beast and Joseph come into view.
Joseph unwields an uncursed quarterstaff.
Joseph wields a runed hunting sling.
It is covered in frost.
Joseph shoots a sling bullet.
The sling bullet hits you! The sling bullet freezes you.
You see here a sling bullet.
Casting: Iskenderun's Mystic Blast
Confirm with . or Enter, or press ? or * to list all spells.
Aiming: Iskenderun's Mystic Blast
Press: ? - help, Shift-Dir - straight line, f - Joseph
Aim: Joseph, wielding a hunting sling of freezing and wearing a leather armour The orb of energy hits Joseph.
Joseph is lightly wounded.
Joseph shoots a sling bullet.
The sling bullet hits you!!
* * * LOW HITPOINT WARNING * * *
The sling bullet freezes you.
You die...

######..... .#
#.................# ..##
#................##
..Y.##...#...######..###
........#...# ##....
........#...# ##....
............# ###.....
............# ###.......
#......@....###.........
#.......###.....#.......
#.@...### ##.#####.....#
#....# #.## #....##
...#. ###.## #...## #. #
##....# ##.## # #.###..#
### ### ##.# #.#


You could see Joseph and a sky beast.

Vanquished Creatures
  Gastronok (D:8)
  Pikel (D:5)
  A hornet (D:7)
  A hippogriff (D:7)
  Menkaure (D:6)
  Edmund (D:6)
  A water moccasin (D:6)
  2 sky beasts (D:6)
  3 slaves (D:5)
  2 phantoms
  2 centaurs (D:7)
  3 bullfrogs
  2 wyvern skeletons
  A scorpion (D:4)
  4 wights (D:6)
  A howler monkey (D:7)
  2 crimson imps
  A quasit (D:8)
  2 orc priests
  3 hounds
  2 jellies
  2 orc wizards (D:4)
  A bullfrog skeleton (D:5)
  2 iguanas
  5 worker ants
  A killer bee zombie (D:6)
  A hound zombie (D:8)
  4 gnolls (D:4)
  A howler monkey skeleton (D:6)
  6 adders
  2 shadow imps (D:5)
  2 adder skeletons
  4 worms
  6 dart slugs
  3 leopard geckos
  17 orcs
  5 bats
  10 giant cockroaches
  6 hobgoblins
  14 jackals
  4 kobolds
  2 quokkas (D:3)
  4 frilled lizards
  4 goblins
  A jackal zombie (D:5)
  A leopard gecko zombie (D:7)
  11 rats
  A fungus (D:1)
157 creatures vanquished.

Notes
Turn   | Place    | Note
-------+----------+-------------------------------------------
     0 | D:1      | myopia the Deep Elf Conjurer began the quest for the Orb.
     0 | D:1      | Reached XP level 1. HP: 10/10 MP: 6/6
    90 | D:1      | Reached XP level 2. HP: 14/15 MP: 4/8
   757 | D:1      | Reached XP level 3. HP: 16/19 MP: 5/9
   824 | D:2      | Found an iron altar of Okawaru.
  1225 | D:2      | Reached skill level 5 in Conjurations
  1229 | D:2      | Learned a level 2 spell: Searing Ray
  1403 | D:3      | Reached XP level 4. HP: 24/24 MP: 6/10
  1728 | D:3      | Found a runed door.
  1836 | D:3      | Reached skill level 5 in Dodging
  2177 | D:4      | Reached XP level 5. HP: 25/28 MP: 4/11
  2825 | D:4      | Reached skill level 5 in Spellcasting
  2825 | D:4      | Reached XP level 6. HP: 32/32 MP: 9/15
  3548 | D:4      | Learned a level 4 spell: Iskenderun's Mystic Blast
  3549 | D:5      | Entered Level 5 of the Dungeon
  3612 | D:5      | Found a staircase to the Ecumenical Temple.
  3625 | Temple   | Entered the Ecumenical Temple
  3650 | Temple   | Became a worshipper of Vehumet
  3704 | D:5      | Found a blossoming altar of Fedhas.
  3715 | D:5      | Reached XP level 7. HP: 24/36 MP: 13/18
  4123 | D:5      | Noticed Pikel
  4585 | D:5      | Killed Pikel
  4585 | D:5      | Reached XP level 8. HP: 25/41 MP: 2/20
  4962 | D:6      | Found a basalt altar of Yredelemnul.
  5065 | D:6      | Reached skill level 10 in Conjurations
  5197 | D:6      | Noticed Menkaure
  5199 | D:6      | Killed Menkaure
  5275 | D:6      | Found a burning altar of Makhleb.
  5327 | D:6      | Found a deep blue altar of Sif Muna.
  5328 | D:6      | Found a sparkling altar of Nemelex Xobeh.
  5329 | D:6      | Found a hazy altar of Hepliaklqana.
  5505 | D:6      | Reached * piety under Vehumet
  5505 | D:6      | Offered knowledge of Freeze by Vehumet.
  5610 | D:6      | Noticed Edmund
  5720 | D:6      | Killed Edmund
  5720 | D:6      | Reached skill level 10 in Spellcasting
  5891 | D:6      | Reached XP level 9. HP: 31/45 MP: 18/25
  6508 | D:7      | Offered knowledge of Throw Flame by Vehumet.
  6603 | D:7      | Reached ** piety under Vehumet
  7011 | D:8      | Noticed Gastronok
  7162 | D:8      | Killed Gastronok
  7162 | D:8      | Reached XP level 10. HP: 21/50 MP: 3/28
  7331 | D:8      | Noticed Joseph
  7333 | D:8      | HP: 1/50 [Joseph/sling bullet (20)]
  7333 | D:8      | Shot with a sling bullet by Joseph

Skill      XL: |  1  2  3  4  5  6  7  8  9 |
---------------+----------------------------+-----
Dodging        | 3 4 5 |  5.0
Conjurations   | 5 6 9 10 12 | 12.0
Spellcasting   | 5 6 7 10 12 | 12.9
Stealth        | |  2.4

Action                   |  1- 3 |  4- 6 |  7- 9 | 10-12 || total
-------------------------+-------+-------+-------+-------++-------
Melee: Unarmed           |     3 |       |       |       ||     3
       Dagger            |    87 |    53 |    97 |     6 ||   243
 Cast: Magic Dart        |    68 |    68 |    94 |       ||   230
       Searing Ray       |       |    12 |    15 |       ||    27
       Iskenderun's Myst |       |       |    46 |     5 ||    51
Evoke: Wand              |       |       |     2 |       ||     2
  Use: Scroll            |     7 |     1 |     7 |       ||    15
       Potion            |       |       |     3 |       ||     3
 Stab: Sleeping          |     4 |     5 |     1 |       ||    10
       Paralysed         |       |       |     5 |       ||     5
  Eat: Chunk             |     2 |     6 |     7 |       ||    15
       Fruit             |       |     1 |     4 |       ||     5
       Royal jelly       |       |       |     1 |       ||     1
Armor: Robe              |     9 |    13 |    18 |    15 ||    55
Dodge: Dodged            |    50 |    56 |    93 |    39 ||   238
Block: Other             |       |       |    10 |     4 ||    14
